 Dungeon Crawl Stone Soup version 0.28.0-53-g5a82cb258f (webtiles) character file.

Game seed: 9838261367672812856

4782 safid the Severer (level 10, -5/81 HPs)
             Began as a Hill Orc Fighter on Aug 11, 2022.
             Killed from afar by a manticore (7 damage)
             ... with a volley of spikes
             ... on level 9 of the Dungeon.
             The game lasted 00:10:24 (10499 turns).

safid the Severer (Hill Orc Fighter)               Turns: 10499, Time: 00:10:25

Health: -5/81      AC: 16    Str: 24    XL:     10   Next: 47%
Magic:  12/12      EV:  8    Int:  8    God:
Gold:   531        SH:  9    Dex: 10    Spells: 9/9 levels left

rFire   + . .      SeeInvis .   a - +0 war axe
rCold   . . .      Faith    .   c - +0 buckler
rNeg    . . .      Spirit   .   B - +0 chain mail
rPois   .          Reflect  +   e - +0 helmet
rElec   .          Harm     .   l - +0 cloak
rCorr   .          Rampage  .   (no gloves)
Will    .....                   (no boots)
Stlth   ..........              w - amulet of reflection
HPRegen 0.23/turn               d - ring of protection from fire
MPRegen 0.13/turn               H - +4 ring of protection

@: spiked
A: no striking features
a: no special abilities


You were on level 9 of the Dungeon.
You visited 1 branch of the dungeon, and saw 9 of its levels.

You collected 531 gold pieces.

Inventory:

Hand Weapons
 a - a +0 war axe (weapon)
Missiles
 i - 3 throwing nets
 m - 34 poisoned darts (quivered)
 o - 3 javelins
Armour
 c - a +0 buckler (worn)
 e - a +0 helmet (worn)
 l - a +0 cloak (worn)
 B - a +0 chain mail (worn)
Jewellery
 d - a ring of protection from fire (left hand)
 w - an amulet of reflection (around neck)
 C - a ring of ice
 H - a +4 ring of protection (right hand)
 I - a ring of wizardry
Wands
 A - a wand of polymorph (17)
 G - a wand of flame (26)
Scrolls
 b - a scroll of noise {unknown}
 f - 2 scrolls of fog
 j - 2 scrolls of teleportation
 k - a scroll of silence {unknown}
 v - a scroll of torment {unknown}
 x - a scroll of immolation {unknown}
 y - a scroll of blinking {unknown}
 D - a scroll of vulnerability {unknown}
Potions
 g - 2 potions of mutation {unknown}
 h - 2 potions of curing
 n - a potion of flight {unknown}
 p - a potion of berserk rage {unknown}
 q - 2 potions of lignification {unknown}
 r - a potion of resistance {unknown}
 s - a potion of magic {unknown}
 t - 3 potions of attraction
 u - 2 potions of brilliance {unknown}
 z - a potion of cancellation {unknown}
 E - 2 potions of haste {unknown}
 F - 2 potions of heal wounds {unknown}


   Skills:
 + Level 5.5 Fighting
 - Level 16.0 Axes
 + Level 2.6 Throwing
 + Level 5.5 Armour
 + Level 2.3 Dodging
 - Level 4.0 Shields
 + Level 3.8 Invocations
 + Level 2.8 Evocations


You had 9 spell levels left.
You didn't know any spells.
Your spell library contained the following spells:

 Spells                   Type           Power      Damage    Failure   Level
 Static Discharge         Conj/Air       0%         N/A       99%         2
 Ignite Poison            Fire/Tmut/Pois 0%         N/A       100%        3
 Mephitic Cloud           Conj/Pois/Air  0%         N/A       100%        3
 Dispel Undead            Necr           0%         3d6       100%        4
 Petrify                  Tmut/Erth      0%         N/A       100%        4
 Sticky Flame             Conj/Fire      0%         2d3       100%        4
 Freezing Cloud           Conj/Ice/Air   0%         6-21      100%        5
 Metabolic Englaciation   Hex/Ice        0%         N/A       100%        5
 Statue Form              Tmut/Erth      0%         N/A       100%        6


Dungeon Overview and Level Annotations

Branches:
Dungeon (9/15)             Temple (0/1) D:5
   Lair: D:8-11         Orc: D:9-12

Altars:
Qazlal

Annotations:
D:2 1 runed translucent door, Crazy Yiuf
D:8 2 runed translucent doors


Message History

The fire dragon tramples you but does no damage.
Unknown command.
You barely miss the fire dragon.
The fire dragon is lightly wounded.
You closely miss something.
You hear some strange, mumbled words.
You are confused.
Unknown command.
You hit the fire dragon.
The fire dragon is lightly wounded.
You closely miss something. The fire dragon bites you.
The fire dragon closely misses you.
The fire dragon tramples you but does no damage.
You hear some strange, mumbled words.
A magic dart appears from out of thin air!
The magic dart hits you. The fire dragon breathes flames at you.
The blast of flame hits you!! You resist.
Unknown command.
You bump into the tree.
Unknown command.
You bump into the rock wall.
You feel less confused.
Unknown command.
The fire dragon breathes flames at you. The blast of flame hits you!
You resist.
* * * LOW HITPOINT WARNING * * *
Unknown command.
Unknown command.
Unknown command.
The fire dragon breathes flames at you. The blast of flame hits you!
You resist.
* * * LOW HITPOINT WARNING * * *
A manticore comes into view.
A puff of flame appears from out of thin air!
The puff of flame reflects off an invisible shield around you!
The manticore flicks its tail.
The volley of spikes hits you!
The barbed spikes become lodged in your body.
You die...

########+### ###'####
...........# #.......
..........# #..>....
♣........# #.......
♣........### #.......
♣...H....'.####.......
.♣♣♣.....#...##.......
♣.♣
♣♣......###..'.......
♣.♣♣♣♣...@...#
####......[ #
.⌠.......#####
######## .
♣♣.♣♣♣♣....# ..
♣.♣.♣.♣♣♣...#
..♣♣♣.♣♣.♣♣.♣♣♣..#
..)..♣♣♣.♣♣♣..{..#
.#.)D♣♣..{♣♣.....#
.##..♣..#..♣....##
.......###.....##


You could see a manticore.

Vanquished Creatures
  Harold (D:8)
  An ugly thing (D:8)
  Maurice (D:8)
  Maggie (D:8)
  A hornet (D:8)
  A slime creature (D:9)
  A yak (D:8)
  Duvessa (D:7)
  A water moccasin (D:5)
  A sky beast (D:7)
  2 ice beasts (D:6)
  2 black bears
  2 ogres
  A hornet zombie (D:8)
  A kobold brigand (D:9)
  2 bullfrogs (D:8)
  Dowan (D:7)
  8 killer bees
  5 wights (D:8)
  A howler monkey (D:7)
  4 bullfrog zombies
  2 centaur zombies
  A bullfrog skeleton (D:7)
  3 hounds
  A jelly (D:6)
  Ijyb (D:5)
  5 iguanas
  Jessica (D:2)
  Natasha (thrice) (D:2)
  2 orc wizards (D:4)
  A killer bee zombie (D:6)
  3 gnolls (D:6)
  9 adders
  A white imp (D:6)
  An adder skeleton (D:2)
  3 dart slugs
  22 orcs
  8 ball pythons
  4 endoplasms
  10 hobgoblins
  9 jackals
  A quokka (D:1)
  7 bats
  2 frilled lizards
  3 goblins
  17 kobolds
  6 rats
165 creatures vanquished.

Notes
Turn   | Place    | Note
-------+----------+-------------------------------------------
     0 | D:1      | safid the Hill Orc Fighter began the quest for the Orb.
     0 | D:1      | Reached XP level 1. HP: 19/19 MP: 1/1
    89 | D:1      | Reached XP level 2. HP: 27/27 MP: 2/2
   134 | D:1      | Reached skill level 3 in Axes
   355 | D:1      | Reached XP level 3. HP: 33/33 MP: 3/3
   707 | D:1      | Found a faded altar of an unknown god.
   853 | D:2      | Noticed Jessica
   878 | D:2      | Killed Jessica
   879 | D:2      | Reached XP level 4. HP: 29/40 MP: 4/4
   884 | D:2      | Reached skill level 4 in Axes
  1034 | D:2      | Noticed Natasha
  1045 | D:2      | Killed Natasha
  1257 | D:2      | Noticed Natasha
  1273 | D:2      | Reached skill level 5 in Axes
  1273 | D:2      | HP: 1/40 [Natasha (3)]
  1274 | D:2      | Killed Natasha
  1275 | D:2      | Reached XP level 5. HP: 1/46 MP: 5/5
  1766 | D:2      | Found a runed translucent door.
  1767 | D:2      | Noticed Crazy Yiuf
  1785 | D:2      | Noticed Natasha
  1791 | D:2      | Killed Natasha
  1792 | D:2      | Reached skill level 6 in Axes
  2659 | D:3      | Reached skill level 7 in Axes
  2659 | D:3      | Reached XP level 6. HP: 44/52 MP: 6/6
  3623 | D:4      | Reached skill level 8 in Axes
  3635 | D:4      | Noticed a black bear
  3647 | D:4      | Killed a black bear
  3648 | D:4      | Reached XP level 7. HP: 37/59 MP: 7/7
  4050 | D:5      | Entered Level 5 of the Dungeon
  4126 | D:5      | Reached skill level 9 in Axes
  4130 | D:5      | Found a staircase to the Ecumenical Temple.
  4267 | D:5      | Noticed Ijyb
  4275 | D:5      | Killed Ijyb
  4472 | D:5      | Found a stormy altar of Qazlal.
  4661 | D:5      | Reached skill level 10 in Axes
  5224 | D:6      | Reached XP level 8. HP: 63/66 MP: 8/8
  5275 | D:6      | Reached skill level 11 in Axes
  6013 | D:6      | Reached skill level 12 in Axes
  6642 | D:6      | Reached skill level 13 in Axes
  6808 | D:7      | Noticed Duvessa
  6808 | D:7      | Noticed Dowan
  6819 | D:7      | Killed Duvessa
  6822 | D:7      | Killed Dowan
  7083 | D:7      | Reached skill level 14 in Axes
  7083 | D:7      | Reached XP level 9. HP: 57/71 MP: 9/9
  8230 | D:8      | Noticed Harold
  8232 | D:8      | Noticed a hornet
  8238 | D:8      | Paralysed by a hornet for 1 turns
  8248 | D:8      | Paralysed by a hornet for 1 turns
  8248 | D:8      | HP: 2/71 [hornet (12)]
  8272 | D:8      | Killed a hornet
  8273 | D:8      | Reached skill level 15 in Axes
  8585 | D:8      | Killed Harold
  8586 | D:8      | Reached skill level 16 in Axes
  8586 | D:8      | Reached skill level 1 in Invocations
  8701 | D:8      | Noticed Maggie
  8721 | D:8      | Killed Maggie
  8722 | D:8      | Reached skill level 1 in Throwing
  8722 | D:8      | Reached skill level 1 in Dodging
  8722 | D:8      | Reached skill level 1 in Evocations
  9157 | D:8      | Noticed a white ugly thing
  9170 | D:8      | Killed a white ugly thing
  9171 | D:8      | Reached XP level 10. HP: 58/80 MP: 10/12
  9178 | D:8      | Reached skill level 5 in Armour
  9407 | D:8      | Found a runed translucent door.
  9417 | D:8      | Found a runed translucent door.
  9417 | D:8      | Noticed a two-headed ogre
  9417 | D:8      | Noticed a deep elf pyromancer
  9417 | D:8      | Noticed a green ugly thing
  9530 | D:8      | Reached skill level 5 in Fighting
  9714 | D:8      | Noticed Maurice
  9735 | D:8      | Killed Maurice
 10468 | D:9      | Noticed a fire dragon
 10495 | D:9      | HP: 1/81 [fire dragon/blast of flame (17)]
 10497 | D:9      | Noticed a manticore
 10499 | D:9      | Killed from afar by a manticore

Illustrated notes

Levels and vault maps discovered:
D:1:      dpeg_arrival_pits, layout_loops_ring,
          shapermc_ecumenical_altar_mp_highgroup
D:2:      layout_rooms, uniq_jessica, uniq_natasha, uniq_crazy_yiuf_cottage
D:3:      layout_basic
D:4:      layout_basic, nrook_mini_vaults, minmay_misc_feat_x,
          minmay_misc_feat_iff
D:5:      layout_basic, grunt_qazlal_sundering, minmay_temple_entry_mist,
          lemuel_flamethrower_2, uniq_ijyb
D:6:      layout_basic
D:7:      layout_cave_pods, minmay_misc_feat_roman, hangedman_glass_teeth,
          uniq_duvessa
D:8:      minmay_the_grid_triangle_9x9_rhombus_full
          [minmay_the_grid_triangle_9x9_shrine,
          minmay_the_grid_triangle_9x9_fully_insulated_deathbox,
          minmay_the_grid_triangle_9x9_negative_grid,
          minmay_the_grid_triangle_9x9_minimal,
          minmay_the_grid_triangle_9x9_tough_junction,
          minmay_the_grid_triangle_9x9_checkered,
          minmay_the_grid_triangle_9x9_flanged_cone,
          minmay_the_grid_triangle_9x9_prize_center], layout_cave_pods,
          corner_web_ring, uniq_gastronok, uniq_maurice, uniq_maggie,
          uniq_harold
D:9:      layout_roguey, special_room [special_room_orc], kb_rosetta

Skill      XL: |  1  2  3  4  5  6  7  8  9 10 |
---------------+-------------------------------+-----
Axes           | 3 5 7 8 10 14 16 | 16.0
Fighting       | 4 5 |  5.5
Armour         | 4 5 |  5.5
Shields        | 4 |  4.0
Invocations    | 2 3 |  3.8
Throwing       | 1 2 |  2.6
Dodging        | 1 2 |  2.3
Evocations     | 2 |  2.8

Action                   |  1- 3 |  4- 6 |  7- 9 | 10-12 || total
-------------------------+-------+-------+-------+-------++-------
Melee: War axe           |    89 |   155 |   310 |   124 ||   678
  Use: Potion            |       |     1 |     5 |       ||     6
       Scroll            |       |       |     4 |     2 ||     6
Armor: Scale mail        |    52 |    86 |     4 |       ||   142
       Chain mail        |       |       |    92 |    46 ||   138
Dodge: Dodged            |    54 |    89 |    60 |    19 ||   222
Block: Buckler           |    24 |    31 |   138 |    43 ||   236
       Reflection        |       |       |     1 |     4 ||     5
